 Dungeon Crawl Stone Soup version 0.25.1-2-g60ff931df9 (webtiles) character file.

Game seed: 289196395057014270

485 Revguard the Chopper (level 6, -2/52 HPs)
             Began as a Centaur Fighter on Aug 7, 2020.
             Slain by an ogre
             ... wielding a +0 giant spiked club
              (18 damage)
             ... on level 5 of the Dungeon on Aug 8, 2020.
             The game lasted 00:10:41 (2819 turns).

Revguard the Chopper (Centaur Fighter)              Turns: 2819, Time: 00:10:42

Health: -2/52      AC:  6    Str: 19    XL:     6   Next: 88%
Magic:  6/6        EV:  5    Int:  7    God:
Gold:   121        SH:  9    Dex: 10    Spells: 5/5 levels left

rFire    . . .     SeeInvis .   a - +1 war axe
rCold    . . .     Gourm    .   c - +0 kite shield
rNeg     . . .     Faith    .   b - +0 scale mail
rPois    .         Spirit   .   (no helmet)
rElec    .         Reflect  .   (no cloak)
rCorr    .         Harm     .   (no gloves)
MR       .....                  (no barding)
Stlth    ..........             (no amulet)
HPRegen  0.17/turn              (no ring)
MPRegen  0.10/turn              (no ring)

@: very quick
A: large, hooves 3, deformed body, speed 2, tough skin 3
a: no special abilities


You were on level 5 of the Dungeon.
You were hungry.

You visited 1 branch of the dungeon, and saw 5 of its levels.

You collected 121 gold pieces.

Inventory:

Hand Weapons
 a - a +1 war axe (weapon)
Armour
 b - a +0 scale mail (worn)
 c - a +0 kite shield (worn)
Wands
 g - a wand of enslavement (8)
Scrolls
 e - a scroll of immolation
 h - 2 scrolls of enchant armour {unknown}
 i - a scroll of teleportation {unknown}
 k - 2 scrolls of identify
 m - a scroll of enchant weapon
 n - 2 scrolls of remove curse
Potions
 d - a potion of lignification {unknown}
 j - a potion of curing {unknown}
 l - a potion of heal wounds
 o - a potion of magic {unknown}
Comestibles
 f - 4 rations


   Skills:
 + Level 3.7 Fighting
 + Level 4.6 Axes
 + Level 3.4 Armour
 + Level 0.7 Dodging
 + Level 3.1 Shields


You had 5 spell levels left.
You didn't know any spells.
Your spell library was empty.

Dungeon Overview and Level Annotations

Branches:
Dungeon (6/15)
 Temple: D:4-7

Altars:
Cheibriados
Vehumet
Xom


Innate Abilities, Weirdness & Mutations

You have hooves in place of feet.
Armour fits poorly on your strangely shaped body.
You cover ground very quickly.
You have extremely tough skin. (AC +3)


Message History

a +0 falchion; a +0 ring mail
m - a scroll of enchant weapon You feel sick.
You start resting.
You feel sick. x3
You are no longer poisoned.
You start resting.
You are feeling hungry.
You start resting.
An ogre comes into view. It is wielding a +0 giant spiked club.
The ogre shouts!
Your shield and scale mail prevent you from hitting the ogre.
The ogre hits you with a +0 giant spiked club!!
You barely miss the ogre. You kick the ogre!
The ogre is heavily wounded.
The ogre hits you with a +0 giant spiked club!
You hit the ogre.
The ogre is heavily wounded.
The ogre hits you with a +0 giant spiked club!!
You die...

######'##############
#....................
#....................
#....................
#....................
#....................
#.............O......
####............@.......
........####......######
........'..#......#
........#..'......#
........#..#......#
........#..#)))...#
####....#..#......#
...#....#..#......#
...#....#+######.....#


You could see an ogre.

Vanquished Creatures
  An ice beast (D:5)
  2 centaurs (D:5)
  A scorpion (D:5)
  A hound (D:5)
  An orc wizard (D:3)
  An orc priest (D:5)
  A worker ant (D:5)
  A hound zombie (D:5)
  An adder (D:2)
  A worm (D:3)
  A dart slug (D:2)
  3 leopard geckos
  6 orcs
  4 giant cockroaches
  2 goblins (D:1)
  4 hobgoblins
  3 jackals (D:1)
  2 kobolds
  A quokka (D:3)
  A ball python (D:1)
  A bat (D:3)
  3 frilled lizards
  7 rats
49 creatures vanquished.

Notes
Turn   | Place    | Note
-------+----------+-------------------------------------------
     0 | D:1      | Revguard the Centaur Fighter began the quest for the Orb.
     0 | D:1      | Reached XP level 1. HP: 19/19 MP: 1/1
   283 | D:1      | Reached skill level 2 in Axes
   408 | D:1      | Reached XP level 2. HP: 26/26 MP: 2/2
   966 | D:2      | Reached XP level 3. HP: 31/31 MP: 3/3
  1654 | D:3      | Reached XP level 4. HP: 36/38 MP: 4/4
  1815 | D:3      | You fall into a shaft and drop 3 floors!
  1817 | D:6      | Noticed an ice beast
  1823 | D:5      | Entered Level 5 of the Dungeon
  1845 | D:5      | Noticed a centaur
  1897 | D:5      | Killed a centaur
  1897 | D:5      | Reached skill level 3 in Axes
  1897 | D:5      | Reached XP level 5. HP: 8/45 MP: 5/5
  1898 | D:5      | HP: 1/45 [scorpion (7)]
  2308 | D:5      | Reached XP level 6. HP: 34/51 MP: 6/6
  2452 | D:5      | Found a snail-covered altar of Cheibriados.
  2452 | D:5      | Found a radiant altar of Vehumet.
  2453 | D:5      | Found a shimmering altar of Xom.
  2460 | D:5      | Reached skill level 4 in Axes
  2541 | D:5      | Noticed an ice beast
  2550 | D:5      | Killed an ice beast
  2819 | D:5      | Slain by an ogre

Illustrated notes

Levels and vault maps discovered:
D:1:      tarquinn_simple_flora_water_d, layout_basic,
          minmay_misc_feat_secret_circle, grunt_decor_one_mirror
D:2:      layout_basic
D:3:      layout_basic, makhleb_altar_promises_db, first_ration
D:5:      layout_gridville, gammafunk_temple_overflow_claw, serial_shops,
          nicolae_shop_overgrown_old_shop
D:6:      layout_rooms, minmay_temple_entry_mini_moons,
          hangedman_abyss_or_decor_lesser_grid, ashenzari_altar_1

Skill      XL: |  1  2  3  4  5  6 |
---------------+-------------------+-----
Axes           | 2 3 4 |  4.6
Armour         | 3 |  3.4
Shields        | 3 |  3.1
Fighting       | |  3.7
Dodging        | |  0.7

Action                   |  1- 3 |  4- 6 || total
-------------------------+-------+-------++-------
Melee: War axe           |    92 |    61 ||   153
       Kick              |    13 |    18 ||    31
  Use: Scroll            |     8 |       ||     8
       Potion            |       |     4 ||     4
  Eat: Chunk             |     1 |     3 ||     4
Armor: Scale mail        |    46 |    24 ||    70
Dodge: Dodged            |    30 |     7 ||    37
Block: Kite shield       |    42 |    31 ||    73
